Cogmind - Beta 17 @@@ ROGUE MODE // 2026.06.29 @ 14:20:43 Player: Venar246 Result: Self-destructed Performance ------------- Evolutions (2) 1000 Regions Visited (5) 1000 Robots Destroyed (8) 40 Value Destroyed (202) 202 Prototype IDs (2) 40 Alien Tech Used (0) 0 Bonus (300) 300 TOTAL SCORE: 2582 Bonus ------- Aligned with FarCom 300 Cogmind --------- Core Integrity 180/550 Matter 206/300 Energy 100/100 System Corruption 1% Temperature Cool (0) Movement Core (100) Ox1 Location -8/Materials Parts ------- > --- POWER (1) -------- (None) > --- PROPULSION (4) --- (None) > --- UTILITY (4) ------ 0b10 Alert Chip > --- WEAPON (2) ------- Assault Cannon > --- INVENTORY (5) ---- Light Ion Engine Peak State ------------ > --- POWER ------------ Ion Engine > --- PROPULSION ------- Light Treads Aluminum Leg > --- UTILITY ---------- Scrap Suit Medium Storage Unit 0b10 Alert Chip > --- WEAPON ----------- EM Pulse Gun Makeshift Shrapnel Gun > --- INVENTORY -------- Light Ion Engine [Rating: 23] Favorites ----------- Power Light Nuclear Core Engine Ion Engine Power Core Light Nuclear Core Propulsion Aluminum Leg Treads Light Treads Leg Aluminum Leg Utility Medium Storage Unit Device Scrap Suit Storage Medium Storage Unit Processor 0b10 Alert Chip Protection Utility Shielding Weapon Small Laser Energy Gun Small Laser Ballistic Gun Assault Rifle Ballistic Cannon Assault Cannon Build | -11 -10 -10 -10 -9 -8 ------- Run | Yrd Mat Min Exi Min Mat Slots Evolved 4 | . . . . . 4 Power . | . . . . . . Propulsion 2 | . . . . . 2 Utility 2 | . . . . . 2 Weapon . | . . . . . . Parts Attached 20 | 6 3 . 2 1 8 Power 3 | 1 1 . . . 1 Engine 2 | 1 . . . . 1 Core 1 | . 1 . . . . Reactor . | . . . . . . Propulsion 5 | 2 . . . . 3 Treads 1 | . . . . . 1 Leg 4 | 2 . . . . 2 Wheel . | . . . . . . Hover . | . . . . . . Flight . | . . . . . . Utility 7 | 1 2 . 2 . 2 Device 2 | . . . 1 . 1 Storage 2 | 1 1 . . . . Processor 1 | . . . 1 . . Hackware . | . . . . . . Protection 2 | . 1 . . . 1 Artifact . | . . . . . . Weapon 5 | 2 . . . 1 2 Energy Gun 2 | 1 . . . . 1 Energy Cannon . | . . . . . . Ballistic Gun 2 | 1 . . . 1 . Ballistic Cannon 1 | . . . . . 1 Launcher . | . . . . . . Special Weapon . | . . . . . . Impact Weapon . | . . . . . . Slashing Weapon . | . . . . . . Piercing Weapon . | . . . . . . Special Melee Weapon . | . . . . . . Unidentified Prototypes 2 | . . . 2 . . Corrupted Parts 1 | . . . . . 1 System Corruption 1 | . . . . . 1 Parts Lost 9 | . . . . 4 5 Power 1 | . . . . 1 . Propulsion 4 | . . . . 2 2 Utility . | . . . . . . Weapon 4 | . . . . 1 3 Highest Loss Streak 4 | . . . . 4 3 To Critical Strikes . | . . . . . . Average Backups 4 | 1 3 5 5 5 2 Power 1 | . 1 2 2 2 1 Propulsion 1 | . . 2 2 2 . Utility . | . . . . . . Weapon 1 | . 1 1 1 1 . Tool/Special . | . . . . . . Unused Backups 1 | . . . . . 1 Power 1 | . . . . . 1 Propulsion . | . . . . . . Utility . | . . . . . . Weapon . | . . . . . . Tool/Special . | . . . . . . Average Slot Usage (%) 92 | . 88 100 99 98 39 Engine 1 | . 8 . . . 4 Core 11 | . 5 14 14 13 . Leg 26 | . 28 28 28 27 6 Storage 13 | . 14 14 14 14 6 Processor 6 | . . . 5 14 9 Protection 4 | . 3 14 7 . . Energy Gun 13 | . 14 14 14 14 5 Ballistic Gun 12 | . 14 14 14 13 2 Peak Build Rating 23 | 6 9 9 21 17 23 Average Rating 11 | 4 7 9 11 14 12 On Entrance 7 | . 6 9 9 14 9 Avg Prop Armor Cover (%) . | . . . . . . Naked Turns . | . . . . . . Heaviest Build 23 | 13 19 19 19 18 23 Greatest Support 20 | 20 20 20 20 20 20 Greatest Overweight (x) 3 | 3 . . . 3 3 Average Overweight (x) . | . . . . . . Largest Inventory Capacity 10 | 8 10 10 10 10 10 Average Capacity 9 | 7 9 10 10 10 8 Most Carried 8 | 2 5 5 5 8 8 Average Carried 4 | 1 3 5 5 6 2 Final Capacity 10 | 8 10 10 10 10 5 Final Carried 8 | 2 5 5 5 8 1 Scrap Suit Usage (%) 1 | . . . . . 12 Class Distribution -------------------- 100% | Mutant Dominant Class ---------------- Mutant | -10/Materials Mutant | -10/Mines Mutant | -10/Exiles Mutant | -9/Mines Mutant | -8/Materials Resources | -11 -10 -10 -10 -9 -8 ----------- Run | Yrd Mat Min Exi Min Mat Matter Collected 374 | 189 103 36 . . 46 Remotely . | . . . . . . Salvage Created 274 | . 55 107 . . 112 Parts 16 | . 3 4 . . 9 Haulers Intercepted 1 | . 1 . . . . Recyclers Shooed 1 | . 1 . . . . Parts Field Recycled . | . . . . . . Retrieved Matter . | . . . . . . Parts Self-Destructed . | . . . . . . Prevented . | . . . . . . Parts Restored . | . . . . . . Kills | -11 -10 -10 -10 -9 -8 ------- Run | Yrd Mat Min Exi Min Mat Combat Hostiles Destroyed 6 | . . 2 . . 4 Guns 4 | . . 2 . . 2 Cannons 2 | . . . . . 2 Classes Destroyed 6 | . 1 2 . . 3 Tunneler 1 | . . 1 . . . Hauler 1 | . 1 . . . . Swarmer 2 | . . . . . 2 Grunt 2 | . . 2 . . . Duelist 1 | . . . . . 1 Sentry 1 | . . . . . 1 Best Kill Streak 2 | . 1 1 . . 2 Combat Bots Only 2 | . . 1 . . 2 Max Kills in Single Turn 1 | . 1 1 . . 1 Gunslinging . | . . . . . . Exploded . | . . . . . . Melee . | . . . . . . Uniques/NPCs Destroyed . | . . . . . . Combat | -11 -10 -10 -10 -9 -8 -------- Run | Yrd Mat Min Exi Min Mat Hostile Shots Fired 136 | . . 17 . 35 84 Missed 34 | . . 2 . 8 24 Hits 102 | . . 15 . 27 60 Melee 4 | . . . . . 4 Projectile 98 | . . 15 . 27 56 Critical Strikes 4 | . . 1 . . 3 Damage Taken 1470 | . 15 231 . 333 891 Core 504 | . . 63 . 71 370 Absorbed by Shields . | . . . . . . Core Remaining (%) 73 | 100 . . . 46 . Volleys Fired 26 | . 3 12 . . 11 Largest 2 | . 2 2 . . 2 Hottest 64 | . 60 60 . . 64 Shots Fired 47 | . 6 24 . . 17 Gun 43 | . 6 24 . . 13 Cannon 4 | . . . . . 4 Launcher . | . . . . . . Special . | . . . . . . Kinetic 26 | . 3 12 . . 11 Thermal 15 | . 3 12 . . . Explosive . | . . . . . . Electromagnetic 6 | . . . . . 6 Robot Hit Streak 10 | . 2 10 . . 8 Robot Miss Streak 4 | . 2 2 . . 4 Penetration Max . | . . . . . . Secondary Targets . | . . . . . . Shots Hit Robots 35 | . 3 20 . . 12 Core Hits 17 | . 2 5 . 2 8 Critical Kills . | . . . . . . Critical Parts Destroyed . | . . . . . . Critical Strikes . | . . . . . . Melee Attacks . | . . . . . . Impact . | . . . . . . Slashing . | . . . . . . Piercing . | . . . . . . Sneak Attacks . | . . . . . . Combat Hostiles . | . . . . . . Follow-up Attacks . | . . . . . . Damage Inflicted 695 | 9 46 250 . 37 353 Guns 466 | . 34 224 . . 208 Cannons 66 | . . . . . 66 Explosions 79 | . . . . . 79 Melee . | . . . . . . Ramming 84 | 9 12 26 . 37 . Kinetic 369 | . 23 109 . . 237 Thermal 205 | . 11 115 . . 79 Explosive . | . . . . . . Electromagnetic 37 | . . . . . 37 Impact . | . . . . . . Slashing . | . . . . . . Piercing . | . . . . . . Highest Corruption 1 | . . . . . 1 Average Corruption 1 | . . . . . 1 Corruption Purged . | . . . . . . Corruption Blocked . | . . . . . . Overload Shots . | . . . . . . Overflow Damage 4 | . . 4 . . . Projectiles . | . . . . . . Explosions . | . . . . . . Melee 4 | . . 4 . . . Knockbacks . | . . . . . . Impact . | . . . . . . Kinetic . | . . . . . . Secondary . | . . . . . . Self-Inflicted Damage 54 | . . . . . 54 Shots 1 | . . . . . 1 Rammed . | . . . . . . Targets Rammed 21 | 1 3 2 . 15 . Kicked 21 | 1 3 2 . 15 . Crushed . | . . . . . . Highest Temperature 216 | . 18 216 . . 27 Average Temperature 75 | . 9 101 . . 11 Received Heat Transfer 633 | . . 153 . 183 297 Siege Activations . | . . . . . . Martial Activations . | . . . . . . Shielding Activations . | . . . . . . Robots Disrupted . | . . . . . . Combat Hostiles . | . . . . . . Robots Corrupted 1 | . . 1 . . . Combat Hostiles . | . . . . . . Parts Fried 1 | . . 1 . . . Impact Corruptions 1 | . . 1 . . . Robots Melted . | . . . . . . Combat Hostiles . | . . . . . . Parts Melted . | . . . . . . Heat Transferred 400 | . 25 275 . . 100 Parts Sabotaged . | . . . . . . Parts Stolen . | . . . . . . Parts Stripped . | . . . . . . Power Chain Reactions 1 | . . . . . 1 Alert | -11 -10 -10 -10 -9 -8 ------- Run | Yrd Mat Min Exi Min Mat Maximum Alert Level . | . . . . . . Low Security (%) 100 | 100 100 100 . 100 100 Level 1 . | . . . . . . Level 2 . | . . . . . . Level 3 . | . . . . . . Level 4 . | . . . . . . Level 5 . | . . . . . . High Security . | . . . . . . Max Security . | . . . . . . Peak Influence 59 | . . 40 . 24 59 Initial . | . . . . . . Average 4 | . . 7 . . 24 Influence Increases 196 | . 7 55 . 24 110 Destroy 0b10 Robot/C 104 | . . 40 . . 64 Destroy 0b10 Robot/NC 10 | . 5 5 . . . Destroy Leader 28 | . 2 10 . . 16 Destroy Structure 6 | . . . . . 6 Partial Spotted 12 | . . . . . 12 Lose Combat Pursuer 36 | . . . . 24 12 Influence Decreases 146 | . 7 50 5 24 60 Entered New Map 5 | . . . 5 . . Time Decay 95 | . 7 50 . 8 30 Lost Part 46 | . . . . 16 30 Squads Dispatched 3 | . 1 . . . 2 Investigation . | . . . . . . Extermination . | . . . . . . Reinforcement 2 | . 1 . . . 1 Assault . | . . . . . . Garrison 1 | . . . . . 1 Intercept . | . . . . . . Searches Triggered . | . . . . . . Construction Impeded . | . . . . . . Haulers Reinforced . | . . . . . . Active Scanning Responses . | . . . . . . Cargo Convoy Interrupts . | . . . . . . Stealth | -11 -10 -10 -10 -9 -8 --------- Run | Yrd Mat Min Exi Min Mat Distress Signals 4 | . 2 . . . 2 Communications Jammed . | . . . . . . Distress Signals . | . . . . . . Times Spotted 29 | . 2 2 . 5 20 Peak Tracking Total 13 | . 2 2 . 3 13 Tactical Retreats 2 | . . . . 1 1 Traps | -11 -10 -10 -10 -9 -8 ------- Run | Yrd Mat Min Exi Min Mat Traps Triggered . | . . . . . . Indirectly . | . . . . . . Trap Hack Attempts . | . . . . . . Triggered . | . . . . . . Disarmed . | . . . . . . Reprogrammed . | . . . . . . Reused . | . . . . . . Traps Extracted . | . . . . . . Installed . | . . . . . . Triggered . | . . . . . . Machines | -11 -10 -10 -10 -9 -8 ---------- Run | Yrd Mat Min Exi Min Mat Machines Disabled . | . . . . . . Max in Single Turn . | . . . . . . Machines Repaired . | . . . . . . Machines Dismantled . | . . . . . . Machines Sabotaged . | . . . . . . Overloaded Fab Kills . | . . . . . . Hacking | -11 -10 -10 -10 -9 -8 --------- Run | Yrd Mat Min Exi Min Mat Machines Accessed 1 | . 1 . . . . Terminals 1 | . 1 . . . . Fabricators . | . . . . . . Repair Stations . | . . . . . . Recycling Units . | . . . . . . Scanalyzers . | . . . . . . Garrison Access . | . . . . . . Total Hacks 3 | . 3 . . . . Successful . | . . . . . . Failed 3 | . 3 . . . . Catastrophic 1 | . 1 . . . . Database Lockouts . | . . . . . . Manual 5 | . 4 . 1 . . Terminals 3 | . 3 . . . . Fabricators . | . . . . . . Repair Stations . | . . . . . . Recycling Units . | . . . . . . Scanalyzers . | . . . . . . Garrison Access . | . . . . . . Terminal Hacks . | . . . . . . Fabricator Hacks . | . . . . . . Repair Station Hacks . | . . . . . . Recycling Unit Hacks . | . . . . . . Scanalyzer . | . . . . . . Garrison Access Hacks . | . . . . . . Unauthorized Hacks . | . . . . . . Terminals . | . . . . . . Fabricators . | . . . . . . Repair Stations . | . . . . . . Recycling Units . | . . . . . . Scanalyzers . | . . . . . . Garrison Access . | . . . . . . Data Cores Recovered . | . . . . . . Used . | . . . . . . Hacking Detections 1 | . 1 . . . . Full Trace Events . | . . . . . . Feedback Events . | . . . . . . Feedback Blocked . | . . . . . . Robot Schematics Acquired . | . . . . . . Robots Built . | . . . . . . Authchips . | . . . . . . Time . | . . . . . . Total Robot Build Rating . | . . . . . . Part Schematics Acquired . | . . . . . . Parts Built . | . . . . . . Authchips . | . . . . . . Time . | . . . . . . Total Part Build Rating . | . . . . . . Part Studies Acquired . | . . . . . . Parts Repaired . | . . . . . . Time . | . . . . . . Parts Recycled . | . . . . . . Recycled Matter . | . . . . . . Retrieved Matter . | . . . . . . Retrieved Components . | . . . . . . Parts Scanalyzed . | . . . . . . Part Schematics Acquired . | . . . . . . Parts Damaged . | . . . . . . Bothacking | -11 -10 -10 -10 -9 -8 ------------ Run | Yrd Mat Min Exi Min Mat Used RIF Installer . | . . . . . . Robots Hacked . | . . . . . . Non-combat . | . . . . . . Combat . | . . . . . . Robot Hacks Applied . | . . . . . . Relay Couplers Released . | . . . . . . Fabnet Peak Effective % . | . . . . . . Robots Rewired . | . . . . . . Allies Hacked . | . . . . . . Hacks Repelled . | . . . . . . Allies | -11 -10 -10 -10 -9 -8 -------- Run | Yrd Mat Min Exi Min Mat Total Allies . | . . . . . . Largest Group . | . . . . . . Highest-Rated Group . | . . . . . . Highest-Rated Ally . | . . . . . . Total Orders . | . . . . . . Ally Attacks . | . . . . . . Total Damage . | . . . . . . Kills . | . . . . . . Allies Corrupted . | . . . . . . Allies Melted . | . . . . . . Intel | -11 -10 -10 -10 -9 -8 ------- Run | Yrd Mat Min Exi Min Mat Active Infowar (turns) . | . . . . . . Robot Analysis Total . | . . . . . . Derelict Logs Recovered 1 | . . . . 1 . Drone Launches . | . . . . . . Drone Recoveries . | . . . . . . Exploration | -11 -10 -10 -10 -9 -8 ------------- Run | Yrd Mat Min Exi Min Mat Turns Passed 1501 | 57 242 278 278 529 117 Spaces Moved 1128 | 37 185 193 229 419 65 Core 49 | 5 . . . 1 43 Treads . | . . . . . . Legs 1079 | 32 185 193 229 418 22 Wheels . | . . . . . . Hover . | . . . . . . Flight . | . . . . . . Fastest Speed 50 | 50 120 120 120 120 50 Average Speed 119 | 123 120 120 120 120 100 Slowest Speed 260 | 200 120 120 120 200 260 Overloaded Moves . | . . . . . . Propulsion Burnouts . | . . . . . . Robots Hopped . | . . . . . . Potential Cave-ins . | . . . . . . Cave-ins Triggered . | . . . . . . Exploration Rate (%) 34 | 3 47 39 43 59 13 Regions Visited 5 Branch Regions 3 Pre-discovered Areas 1 | . . . . 1 . Known Exits Taken . | . . . . . . Unknown Exits Taken 5 | 1 1 1 1 1 . Scrap Searched . | . . . . . . Spaces Dug . | . . . . . . Terrain Destroyed 5 | . . . . . 5 Melee . | . . . . . . Projectile 1 | . . . . . 1 AOE 4 | . . . . . 4 Terrain Rammed . | . . . . . . Walls Destroyed . | . . . . . . Machines Disabled . | . . . . . . Actions | -11 -10 -10 -10 -9 -8 --------- Run | Yrd Mat Min Exi Min Mat Total 1226 | 45 197 215 232 438 99 Wait 17 | . . 9 . . 8 Move 1123 | 36 184 192 228 418 65 Hop . | . . . . . . Pick Up 6 | 2 3 . . 1 . Fast Attach 17 | 6 2 . 2 2 5 Attach 6 | . . . . . 6 Detach 1 | . . . . 1 . Swap 1 | . 1 . . . . Drop 8 | . 1 . 2 1 4 Fire 26 | . 3 12 . . 11 Melee . | . . . . . . Ram . | . . . . . . Kick 21 | 1 3 2 . 15 . Crush . | . . . . . . Escape Stasis . | . . . . . . Rewire . | . . . . . . Trap . | . . . . . . Miscellaneous . | . . . . . . Route ------- -11/Scrapyard -10/Materials -10/Mines -10/Exiles -9/Mines -8/Materials History --------- Turn | Location | Event 19 | -11/Scrapyard | Discovered new exit (range 15) 58 | -11/Scrapyard | Entered Materials 184 | -10/Materials | Met 8R-AWN 291 | -10/Materials | Discovered new exit (range 7) 300 | -10/Materials | Entered Mines 301 | -10/Mines | Build established: Mutant 302 | -10/Mines | Followed 8R-AWN into the Mines 571 | -10/Mines | Discovered new exit (range 5) 578 | -10/Mines | Entered Exiles 596 | -10/Exiles | Discovered new exit (range 15) 608 | -10/Exiles | Welcomed by 8R-AWN 628 | -10/Exiles | Met EX-HEX 665 | -10/Exiles | Met EX-BIN 684 | -10/Exiles | Aligned with FarCom system 685 | -10/Exiles | Given EX-Vault access code 719 | -10/Exiles | Opened EX-Vault 724 | -10/Exiles | Found Prototype Device 724 | -10/Exiles | Identified Chronowheel 724 | -10/Exiles | Activated Chronowheel 730 | -10/Exiles | Found Prototype Processor 730 | -10/Exiles | Identified 0b10 Alert Chip 756 | -10/Exiles | Warned to stay clear of 0b10 Research branches 813 | -10/Exiles | Learned about 8R-AWN's background 856 | -10/Exiles | Left Exiles lab with 0b10 Alert Chip 856 | -10/Exiles | Entered Mines 938 | -9/Mines | Discovered new exit (range 6) 981 | -9/Mines | Learned location of Zion (-6) 1111 | -9/Mines | A weapon hastily lodged in a ceiling crevice suddenly fell to the ground 1142 | -9/Mines | Found a Scrap Suit stashed away for nefarious purposes 1145 | -9/Mines | Found Scrap Suit 1384 | -9/Mines | Core integrity fell below 50% 1385 | -9/Mines | Entered Materials 1385 | -8/Materials | Evolved 4 slots: Propulsion x2, Utility x2 1415 | -8/Materials | Lost 4 parts (1p2n1w) 1430 | -8/Materials | Garrison activated, responded to threat 1488 | -8/Materials | Core integrity fell below 50% 1493 | -8/Materials | Lost 3 parts (1n2w) 1502 | -8/Materials | Self-destructed Last Messages --------------- 01446_ Acquired Aluminum Leg. 01450_ Scrap Suit secures Mak. Shrapnel Gun. 01455_ Chain reaction triggered in Lgt. Nuclear Core. 01458_ Aluminum Leg destroyed. 01460_ EM Pulse Gun destroyed. 01462_ Mak. Shrapnel Gun destroyed. 01463_ Discarded Scrap Suit. 01463_ Dropped Lgt. Treads. 01464_ Dropped Ion Engine. 01464_ Dropped Med. Storage Unit. 01467_ K-01 Serf collects debris. 01478_ Acquired Assault Cannon. 01479_ Destroyed Flight Unit. 01481_ S-10 Pest destroyed. 01493_ O-16 Technician: "IFF HANDSHAKE FAILED. SECURING TERMINAL." 01496_ K-01 Serf collects debris. 01500_ ALERT: Hostiles spotted, dispatching reinforcements to Terminal M001. Map ----- +----------------------------------------------------+ | | | | | ?????????????????????????????????????????????????? | | ?????????????????????????????????????????????????? | | ?????????????????????????????????????????????????? | | ?????????????????????????????????????????????????? | | ????????????????????????????????????????????????## | | ????????????????????????????????????????????????# | | ????????????????????????????????????????????????# | | ????????????????????????????????????????????????# | | ????????????????????????????????????????????????# | | ??????????????????????????????####??????????????# | | ???????????????????????w??????# ???????"""????# | | ?????????????????????????????? #??????? ?????# | | ??????????????????????????????# #?????? ???#### | | ??????????????????????????????# #######+#####""# | | ??????????????????????????????# # " | | ??????????????????????????????# # ! " | | ??????????????????????????????# """ + *=!% | | ??????????????????????????????# "G" # # | | ??????????????##???????######?# "g" # # | | ??????????????# [ ##### ### gg # # | | ??????????????# Y l # # | | ??????????????? T s ! b g # # | | ?????????????????Y??#### ######"###g## # # | | ???????????????????????##@###???# g# # # | | ??????????????????????? ????# g# ####### | | ??????????????????????# """ ""??# """ # #????## | | ??????????????????????# """ """ # """ # ###### | | ??????????????????????# """ """ # """=#= | | ??????????????????????# # [/% % | | ??????????????????????# # %#[ | | ??????????????????????# # ! ######## | | ??????????????????????# = ] # ""%#??????### | | ????????????????????????###?##### S"" #????????? | | ????????????????????????????????# "" #????????? | | ????????????????????????????????#########????????? | | ?????????????????????????????????????????????????? | | ?????????????????????????????????????????????????? | | ?????????????????????????????????????????????????? | | ?????????????????????????????????????????????????? | | ?????????????????????????????????????????????????? | | ?????????????????????????????????????????????????? | | ?????????????????????????????????????????????????? | | ?????????????????????????????????????????????????? | | ?????????????????????????????????????????????????? | | ?????????????????????????????????????????????????? | | ?????????????????????????????????????????????????? | | ?????????????????????????????????????????????????? | | ?????????????????????????????????????????????????? | +----------------------------------------------------+ Best States ------------- Heat Dissipation 31 Energy Generation 14 Energy Capacity 250 Matter Stores 300 Matter Capacity 300 Sight Range 16 Terrain Scan Density 10 Core Shielding 20 Utility Shielding 33 Evasion (%) 55 Item Schematics ----------------- None Robot Schematics ------------------ None Fabricated ------------ Nothing Repaired ---------- Nothing Studied --------- None Alien Tech Used ----------------- None Achievements -------------- None Challenges ------------ None Game ------ Seed GrapheneMetaWand Manual? 0 Play Time 00:12:50 Cumulative 41.9 hours Start 2026.06.29 @ 14:03:56 End 2026.06.29 @ 14:20:43 Sessions 1 Manual Loads 0 Difficulty Rogue Special Mode None Game No. 82 Rogue 82 Adventurer 0 Explorer 0 Win Type - Total 1 Types 1/0/0/0/0/0/0/0/0/0 Lore% 25 Gallery% 31 Achievement% 23 Wizard Run 0 Options --------- Layout 1 ASCII 0 Keyboard 0 Movement Arrows Keybinds 0 Fullscreen 1 Font 32/SmallcapsGlow Map View 50x35 Zoom Use 0% Tactical HUD 1 Map Filters NONE Filters NONE Steam 1 RUN: 86c93faf-afb8-457d-9041-b2251fdf5ee8